General information
- name: BNet
- type: Ladder 1vs1/FFA
- host: Battle.net
- saver: Olga
map: EchoIsles
- players: 2
- length: 21:24
- speed: Fast
- version: 1.26 W3XP
- replay type: Public
» download(55 KB)
Players
team 1 (winner)
Olga (
teal | 64 APM | 1371 actions | 21:24)
2 Paladin
1 Holy Light
1 Divine Shield
6 Mountain King
3 Storm Bolt
2 Bash
1 Avatar
» actions
| Assign group hotkey | 50 | |
| Basic commands | 137 | |
| Build / train | 117 | |
| ESC pressed | 7 | |
| Enter build submenu | 38 | |
| Enter hero's abilities submenu | 8 | |
| Give item / drop item | 7 | |
| Right click | 394 | |
| Select / deselect | 305 | |
| Select group hotkey | 184 | |
| Use ability | 124 | |
1371 total
» units
| Peasant | 36 | |
| Footman | 10 | |
| Forest Troll Berserker | 2 | |
| Forest Troll Shadow Priest | 3 | |
| Knight | 2 | |
| Priest | 2 | |
| Gryphon Rider | 2 | |
| Dragonhawk Rider | 1 | |
58 total
» upgrades
| Defend | 1 | |
| Masonry | 2 | |
| Swords | 3 | |
| Armor | 1 | |
| Lumber Harvesting | 2 | |
| Magic Sentry | 1 | |
| Animal War Training | 1 | |
| Priest Training | 2 | |
| Cloud | 1 | |
| Storm Hammers | 1 | |
| Plating | 1 | |
16 total
» buildings
| Altar of Kings | 1 | |
| Barracks | 1 | |
| Farm | 12 | |
| Scout Tower | 25 | |
| Lumber Mill | 1 | |
| Arcane Tower | 4 | |
| Town Hall | 2 | |
| Guard Tower | 8 | |
| Arcane Vault | 2 | |
| Blacksmith | 1 | |
| Keep | 1 | |
| Arcane Sanctum | 1 | |
| Castle | 1 | |
| Gryphon Aviary | 3 | |
63 total
» build order
00:05 Altar of Kings
00:18 Barracks
00:37 Farm
00:55 Farm
01:34 Farm
02:02 Farm
03:35 Scout Tower
03:54 Farm
03:58 Lumber Mill
05:01 Scout Tower
05:14 Arcane Tower
05:25 Arcane Tower
05:45 Town Hall
05:48 Scout Tower
06:11 Scout Tower
06:12 Scout Tower
06:13 Scout Tower
06:14 Scout Tower
06:14 Scout Tower
07:01 Guard Tower
07:03 Guard Tower
08:25 Scout Tower
08:28 Scout Tower
08:29 Scout Tower
08:30 Scout Tower
08:34 Guard Tower
08:35 Arcane Vault
08:37 Farm
08:41 Blacksmith
09:27 Guard Tower
09:28 Keep
10:27 Farm
12:00 Town Hall
12:05 Scout Tower
12:06 Scout Tower
12:06 Scout Tower
12:07 Scout Tower
12:08 Scout Tower
12:08 Scout Tower
12:09 Scout Tower
12:10 Scout Tower
12:21 Arcane Sanctum
12:24 Farm
12:37 Castle
12:47 Arcane Tower
13:24 Guard Tower
13:27 Scout Tower
13:28 Scout Tower
13:28 Scout Tower
13:59 Arcane Vault
14:02 Arcane Tower
14:03 Guard Tower
14:05 Guard Tower
14:55 Farm
14:57 Farm
14:58 Gryphon Aviary
14:59 Gryphon Aviary
15:01 Gryphon Aviary
16:13 Scout Tower
16:14 Scout Tower
17:41 Guard Tower
20:18 Farm
20:20 Farm
» items
| Boots of Speed | 1 | |
| Ring of Regeneration | 1 | |
| Scroll of Regeneration | 2 | |
| Lesser Clarity Potion | 3 | |
| Mechanical Critter | 1 | |
| Dust of Appearance | 1 | |
| Periapt of Vitality | 2 | |
| Scroll of Town Portal | 2 | |
| Staff of Sanctuary | 1 | |
| Orb of Fire | 1 | |
| Potion of Healing | 3 | |
18 total
team 2 (loser)
FireSword (
blue | 16 APM | 343 actions | 21:22)
4 Blademaster
2 Critical Strike
1 Mirror Image
1 Wind Walk
1 Shadow Hunter
1 Serpent Ward
» actions
| Basic commands | 7 | |
| Build / train | 61 | |
| Enter build submenu | 16 | |
| Enter hero's abilities submenu | 5 | |
| Give item / drop item | 2 | |
| Right click | 89 | |
| Select / deselect | 124 | |
| Use ability | 39 | |
343 total
» units
| Peon | 5 | |
| Grunt | 17 | |
| Troll Headhunter/Berserker | 11 | |
| Forest Troll Shadow Priest | 1 | |
| Forest Troll Berserker | 1 | |
| Demolisher | 4 | |
39 total
» upgrades
| Pillage | 1 | |
| Melee Weapons | 1 | |
| Armor | 1 | |
| Backpack | 1 | |
| Spiked Barricades | 1 | |
| Ranged Weapons | 1 | |
| Berserker Strength | 1 | |
| Ensnare | 1 | |
| Troll Regeneration | 1 | |
9 total
» buildings
| Orc Burrow | 4 | |
| Altar of Storms | 1 | |
| Barracks | 1 | |
| War Mill | 1 | |
| Voodoo Lounge | 1 | |
| Watch Tower | 7 | |
| Stronghold | 1 | |
| Beastiary | 1 | |
| Fortress | 1 | |
18 total
» build order
00:44 Orc Burrow
01:01 Altar of Storms
01:21 Barracks
01:44 War Mill
02:23 Orc Burrow
03:23 Orc Burrow
03:48 Voodoo Lounge
04:24 Watch Tower
05:00 Watch Tower
05:56 Orc Burrow
06:17 Watch Tower
07:24 Watch Tower
08:08 Watch Tower
08:47 Watch Tower
10:24 Stronghold
14:12 Watch Tower
14:42 Beastiary
20:13 Fortress
» items
| Potion of Mana | 3 | |
| Gloves of Haste | 1 | |
4 total
Chat log
(00:13 / All) Olga: hallo
(00:22 / All) FireSword: whats up
(00:25 / All) Olga: you playing now with olga
(00:31 / All) Olga: make nice game very yes?
(00:34 / All) FireSword: lol ok
(00:45 / All) Olga: olga not play so well
(00:55 / All) FireSword: y
(01:00 / All) Olga: breast very in way
(01:05 / All) Olga: cannot see keys
(01:13 / All) FireSword: lol ok
(01:57 / All) Olga: is from where
(02:17 / All) FireSword: chicago u
(02:24 / All) Olga: olga is from slovakia
(02:34 / All) Olga: nice country you visit?
(02:42 / All) Olga: prostitute is very clean
(02:49 / All) Olga: 2 prostitutes now in country
(02:53 / All) FireSword: really
(03:00 / All) Olga: soon 3
(03:16 / All) Olga: olga daughter almost hit puberty
(03:32 / All) FireSword: ok reaslly
(05:23 / All) Olga: is having fun now
(05:45 / All) FireSword: thats good to hesr
(05:51 / All) Olga: is question
(05:57 / All) Olga: olga likes you
(07:18 / All) Olga: olga does not like.
(08:03 / All) Olga: this bad attack olga farm
(08:09 / All) Olga: olga cousin sven work on farm many ea
(08:11 / All) Olga: year
(08:19 / All) Olga: until die of olgas syphilis
(10:33 / All) Olga: olga like towers
(11:38 / All) Olga: now olga make tower to
(11:43 / All) Olga: we having tower party :)
(11:59 / All) FireSword: lol seems like it
(12:43 / All) Olga: olga think sex party is better
(13:02 / All) Olga: SEXY PARTY
(13:22 / All) Olga: SEXY TIME
(13:39 / All) Olga: olga very moist now
(13:41 / All) Olga: hehe
(15:42 / All) Olga: sexy fun time everybody!
(19:39 / All) Olga: olga not have this much fn since 3rd grade rape party
(21:22 / All) Olga: SEXY TIME!